General information
- name: BNet
- type: Ladder team game (AT/RT)
- host: Battle.net
- saver: Sylink
map: CopperCanyon
- players: 6
- length: 37:47
- speed: Fast
- version: 1.23 W3XP
- replay type: Public
» download(225 KB)
Players
team 1 (winner)
Blahsmack (
red | 63 APM | 2377 actions | 37:46)
3 Blood Mage
2 Flame Strike
1 Banish
3 Archmage
2 Blizzard
1 Brilliance Aura
» actions
| Basic commands | 87 | |
| Build / train | 147 | |
| Enter build submenu | 46 | |
| Enter hero's abilities submenu | 6 | |
| Remove unit from queue | 2 | |
| Right click | 1376 | |
| Select / deselect | 490 | |
| Use ability | 223 | |
2377 total
» units
» upgrades
| Masonry | 3 | |
| Swords | 3 | |
| Armor | 3 | |
| Lumber Harvesting | 2 | |
| Magic Sentry | 1 | |
| Fragmentation Shards | 1 | |
| Flare | 1 | |
| Flak Cannons | 1 | |
| Flying Machine Bombs | 1 | |
| Barrage | 1 | |
| Storm Hammers | 1 | |
18 total
» buildings
| Altar of Kings | 1 | |
| Lumber Mill | 1 | |
| Farm | 6 | |
| Scout Tower | 86 | |
| Guard Tower | 62 | |
| Keep | 3 | |
| Blacksmith | 1 | |
| Arcane Sanctum | 1 | |
| Castle | 1 | |
| Watch Tower | 9 | |
| Town Hall | 2 | |
| Arcane Vault | 1 | |
| Gryphon Aviary | 2 | |
| Workshop | 2 | |
| Barracks | 1 | |
179 total
» build order
00:09 Altar of Kings
00:16 Lumber Mill
00:22 Farm
00:41 Scout Tower
00:50 Farm
01:02 Scout Tower
01:07 Scout Tower
01:47 Scout Tower
01:50 Scout Tower
01:51 Scout Tower
01:59 Guard Tower
01:59 Guard Tower
01:59 Guard Tower
02:12 Guard Tower
02:12 Guard Tower
02:12 Guard Tower
02:18 Scout Tower
02:41 Guard Tower
02:42 Guard Tower
02:55 Guard Tower
03:38 Guard Tower
03:38 Guard Tower
03:44 Scout Tower
03:59 Keep
03:59 Keep
04:00 Keep
04:32 Guard Tower
04:37 Blacksmith
04:46 Scout Tower
04:47 Scout Tower
04:49 Scout Tower
04:50 Scout Tower
04:51 Scout Tower
04:52 Scout Tower
05:21 Scout Tower
05:23 Scout Tower
05:24 Scout Tower
05:26 Scout Tower
05:26 Scout Tower
05:29 Scout Tower
05:32 Guard Tower
05:32 Guard Tower
06:01 Guard Tower
06:02 Guard Tower
06:04 Guard Tower
06:25 Arcane Sanctum
06:29 Guard Tower
07:00 Castle
07:04 Guard Tower
07:04 Guard Tower
07:47 Guard Tower
08:26 Watch Tower
08:26 Watch Tower
08:27 Watch Tower
08:29 Watch Tower
08:30 Watch Tower
08:31 Watch Tower
08:32 Watch Tower
08:33 Watch Tower
08:34 Watch Tower
08:43 Guard Tower
09:11 Farm
09:12 Farm
10:10 Town Hall
10:21 Scout Tower
10:22 Scout Tower
10:24 Scout Tower
10:25 Scout Tower
10:27 Scout Tower
10:28 Scout Tower
10:29 Scout Tower
10:30 Scout Tower
10:32 Scout Tower
10:33 Scout Tower
10:34 Scout Tower
10:35 Scout Tower
11:19 Scout Tower
11:19 Scout Tower
11:20 Scout Tower
11:24 Scout Tower
11:24 Scout Tower
11:25 Scout Tower
11:43 Scout Tower
11:44 Scout Tower
11:48 Guard Tower
11:48 Guard Tower
11:48 Guard Tower
12:07 Guard Tower
12:19 Guard Tower
12:19 Guard Tower
13:20 Guard Tower
13:21 Guard Tower
13:40 Scout Tower
13:40 Scout Tower
13:41 Scout Tower
13:42 Scout Tower
13:43 Scout Tower
13:51 Guard Tower
14:02 Guard Tower
14:20 Guard Tower
14:21 Guard Tower
14:43 Guard Tower
15:44 Scout Tower
16:11 Scout Tower
16:12 Scout Tower
16:14 Scout Tower
16:15 Scout Tower
16:16 Scout Tower
16:17 Scout Tower
16:18 Scout Tower
16:19 Scout Tower
16:34 Guard Tower
16:50 Guard Tower
16:50 Guard Tower
17:24 Guard Tower
17:58 Arcane Vault
18:03 Guard Tower
19:54 Farm
19:55 Farm
20:08 Gryphon Aviary
20:09 Gryphon Aviary
20:11 Workshop
20:12 Workshop
23:25 Barracks
25:53 Scout Tower
26:10 Scout Tower
26:11 Scout Tower
26:11 Scout Tower
26:12 Scout Tower
26:18 Scout Tower
26:19 Scout Tower
26:19 Scout Tower
26:21 Scout Tower
26:22 Scout Tower
26:23 Scout Tower
26:24 Scout Tower
26:24 Scout Tower
26:25 Scout Tower
26:25 Scout Tower
26:27 Scout Tower
26:28 Scout Tower
26:29 Scout Tower
26:29 Scout Tower
27:20 Guard Tower
27:25 Scout Tower
27:26 Scout Tower
27:27 Scout Tower
27:36 Guard Tower
27:45 Guard Tower
27:45 Guard Tower
28:22 Guard Tower
29:06 Town Hall
29:26 Guard Tower
29:27 Guard Tower
29:27 Guard Tower
29:44 Scout Tower
29:53 Scout Tower
29:54 Scout Tower
30:11 Scout Tower
30:12 Scout Tower
30:14 Scout Tower
30:18 Scout Tower
30:26 Guard Tower
30:26 Guard Tower
30:38 Guard Tower
30:50 Scout Tower
31:07 Guard Tower
31:11 Guard Tower
31:25 Guard Tower
31:57 Scout Tower
31:58 Scout Tower
32:30 Guard Tower
» items
| Scroll of Regeneration | 4 | |
| Lesser Clarity Potion | 4 | |
| Potion of Healing | 4 | |
| Potion of Mana | 4 | |
| Orb of Fire | 2 | |
18 total
fineX (
blue | 47 APM | 176 actions | 03:44)
1 Tauren Chieftain
1 Shockwave
» actions
| Assign group hotkey | 16 | |
| Build / train | 14 | |
| Enter build submenu | 9 | |
| Enter hero's abilities submenu | 1 | |
| Right click | 76 | |
| Select / deselect | 30 | |
| Select group hotkey | 19 | |
| Use ability | 11 | |
176 total
» units
» buildings
| Altar of Storms | 1 | |
| Orc Burrow | 2 | |
| War Mill | 1 | |
| Watch Tower | 5 | |
9 total
» build order
00:04 Altar of Storms
00:06 Orc Burrow
00:48 War Mill
01:36 Orc Burrow
02:01 Watch Tower
02:22 Watch Tower
02:34 Watch Tower
02:58 Watch Tower
03:09 Watch Tower
Sylink (
yellow | 94 APM | 3561 actions | 37:47)
4 Archmage
2 Blizzard
2 Brilliance Aura
4 Mountain King
2 Storm Bolt
2 Bash
3 Tauren Chieftain
2 Endurance Aura
1 Shockwave
» actions
| Assign group hotkey | 19 | |
| Basic commands | 122 | |
| Build / train | 128 | |
| ESC pressed | 18 | |
| Enter build submenu | 88 | |
| Enter hero's abilities submenu | 11 | |
| Give item / drop item | 1 | |
| Right click | 1356 | |
| Select / deselect | 479 | |
| Select group hotkey | 1107 | |
| Use ability | 232 | |
3561 total
» units
| Peasant | 16 | |
| Peon | 5 | |
| Flying Machine | 24 | |
| Sorceress | 1 | |
| Priest | 2 | |
| Mortar Team | 2 | |
50 total
» upgrades
| Masonry | 3 | |
| Magic Sentry | 1 | |
| Lumber Harvesting | 1 | |
| Spiked Barricades | 1 | |
| Reinforced Defenses | 1 | |
| Gunpowder | 2 | |
| Sorceress Training | 1 | |
| Plating | 2 | |
| Flak Cannons | 1 | |
| Flying Machine Bombs | 1 | |
| Priest Training | 1 | |
15 total
» buildings
| Altar of Kings | 1 | |
| Farm | 6 | |
| Lumber Mill | 1 | |
| Scout Tower | 75 | |
| Arcane Tower | 2 | |
| Guard Tower | 34 | |
| Arcane Vault | 1 | |
| Watch Tower | 32 | |
| Keep | 1 | |
| Stronghold | 1 | |
| Arcane Sanctum | 1 | |
| Fortress | 1 | |
| Town Hall | 2 | |
| Blacksmith | 1 | |
| Workshop | 2 | |
| Orc Burrow | 1 | |
| Castle | 1 | |
163 total
» build order
00:02 Altar of Kings
00:03 Farm
00:26 Lumber Mill
01:05 Scout Tower
01:33 Farm
01:35 Arcane Tower
02:02 Scout Tower
02:18 Scout Tower
02:33 Guard Tower
02:36 Scout Tower
02:36 Scout Tower
02:54 Guard Tower
03:02 Scout Tower
03:03 Scout Tower
03:31 Scout Tower
03:32 Guard Tower
04:03 Scout Tower
04:04 Scout Tower
04:17 Guard Tower
04:30 Arcane Vault
04:36 Arcane Tower
04:38 Scout Tower
04:40 Scout Tower
04:47 Watch Tower
04:48 Watch Tower
04:49 Watch Tower
04:59 Keep
05:07 Scout Tower
05:08 Guard Tower
05:14 Watch Tower
05:15 Watch Tower
05:18 Scout Tower
05:20 Scout Tower
05:22 Guard Tower
05:31 Farm
05:39 Guard Tower
05:41 Scout Tower
05:41 Scout Tower
05:53 Watch Tower
05:53 Watch Tower
06:09 Scout Tower
06:11 Guard Tower
06:12 Scout Tower
06:18 Scout Tower
06:19 Scout Tower
06:20 Scout Tower
06:26 Watch Tower
06:27 Watch Tower
06:29 Stronghold
06:37 Guard Tower
06:38 Scout Tower
06:39 Scout Tower
06:41 Guard Tower
06:48 Watch Tower
06:54 Guard Tower
06:58 Scout Tower
07:31 Guard Tower
07:42 Guard Tower
07:44 Scout Tower
07:44 Scout Tower
07:45 Scout Tower
07:47 Scout Tower
07:56 Watch Tower
07:57 Watch Tower
08:20 Guard Tower
08:28 Scout Tower
09:03 Arcane Sanctum
09:20 Scout Tower
09:21 Scout Tower
10:14 Guard Tower
10:17 Scout Tower
10:17 Scout Tower
10:18 Scout Tower
10:19 Scout Tower
10:22 Guard Tower
10:23 Scout Tower
10:26 Watch Tower
10:27 Fortress
10:53 Guard Tower
10:55 Scout Tower
11:26 Town Hall
11:32 Guard Tower
11:46 Blacksmith
12:58 Farm
12:58 Farm
13:04 Watch Tower
13:04 Watch Tower
13:05 Watch Tower
13:06 Watch Tower
13:14 Workshop
13:16 Workshop
13:35 Scout Tower
13:36 Scout Tower
13:36 Scout Tower
13:53 Orc Burrow
13:55 Watch Tower
14:14 Guard Tower
14:32 Scout Tower
15:43 Guard Tower
15:46 Scout Tower
15:47 Scout Tower
15:47 Scout Tower
15:54 Watch Tower
15:54 Watch Tower
15:56 Watch Tower
15:57 Watch Tower
15:59 Watch Tower
15:59 Watch Tower
16:19 Scout Tower
16:19 Scout Tower
16:20 Scout Tower
16:21 Scout Tower
16:52 Farm
16:54 Castle
16:59 Guard Tower
17:26 Guard Tower
17:49 Watch Tower
17:50 Watch Tower
17:50 Watch Tower
17:51 Watch Tower
17:51 Watch Tower
17:52 Watch Tower
17:53 Watch Tower
19:14 Scout Tower
19:15 Scout Tower
19:16 Scout Tower
19:16 Scout Tower
19:18 Guard Tower
19:41 Watch Tower
20:38 Guard Tower
20:44 Scout Tower
20:45 Scout Tower
21:39 Guard Tower
24:16 Guard Tower
24:28 Scout Tower
24:28 Scout Tower
24:28 Scout Tower
24:29 Scout Tower
24:55 Scout Tower
25:31 Scout Tower
25:31 Scout Tower
25:33 Guard Tower
25:43 Scout Tower
26:12 Guard Tower
26:36 Guard Tower
27:05 Guard Tower
36:00 Scout Tower
36:01 Scout Tower
36:02 Scout Tower
36:03 Scout Tower
36:16 Scout Tower
36:17 Scout Tower
36:19 Scout Tower
36:20 Scout Tower
36:21 Scout Tower
36:29 Guard Tower
36:32 Guard Tower
36:51 Guard Tower
37:04 Scout Tower
37:07 Scout Tower
37:09 Scout Tower
37:31 Town Hall
37:38 Guard Tower
» items
| Scroll of Regeneration | 5 | |
| Ivory Tower | 3 | |
| Orb of Fire | 2 | |
10 total
team 2 (loser)
Diretor (
green | 94 APM | 3297 actions | 34:54)
7 Death Knight
3 Death Coil
3 Unholy Aura
1 Animate Dead
» actions
| Assign group hotkey | 68 | |
| Basic commands | 70 | |
| Build / train | 72 | |
| Enter build submenu | 24 | |
| Enter hero's abilities submenu | 7 | |
| Give item / drop item | 1 | |
| Remove unit from queue | 1 | |
| Right click | 1156 | |
| Select / deselect | 680 | |
| Select group hotkey | 1057 | |
| Use ability | 160 | |
3297 total
» units
| Acolyte | 8 | |
| Ghoul | 4 | |
| Crypt Fiend | 6 | |
| Obsidian Statue | 10 | |
| Meatwagon | 3 | |
31 total
» upgrades
| Backpack | 1 | |
| Creature Attack | 3 | |
| Burrow | 1 | |
| Creature Carapace | 2 | |
| Destroyer Form | 1 | |
| Unholy Strength | 2 | |
| Exhume Corpses | 1 | |
11 total
» buildings
| Crypt | 1 | |
| Graveyard | 1 | |
| Altar of Darkness | 1 | |
| Ziggurat | 9 | |
| Tomb of Relics | 1 | |
| Nerubian Tower | 1 | |
| Halls of the Dead | 4 | |
| Spirit Tower | 4 | |
| Necropolis | 2 | |
| Slaughterhouse | 3 | |
| Black Citadel | 1 | |
| Sacrificial Pit | 1 | |
29 total
» build order
00:11 Crypt
00:19 Graveyard
00:43 Altar of Darkness
00:54 Ziggurat
01:38 Tomb of Relics
01:52 Nerubian Tower
02:09 Ziggurat
04:09 Ziggurat
06:29 Halls of the Dead
06:29 Halls of the Dead
06:29 Halls of the Dead
07:05 Spirit Tower
07:08 Ziggurat
08:39 Necropolis
08:41 Ziggurat
08:42 Ziggurat
08:45 Necropolis
08:46 Ziggurat
08:54 Slaughterhouse
08:56 Slaughterhouse
10:09 Black Citadel
10:19 Ziggurat
10:22 Spirit Tower
11:21 Sacrificial Pit
11:27 Slaughterhouse
19:54 Spirit Tower
19:54 Spirit Tower
20:53 Ziggurat
» items
| Rod of Necromancy | 2 | |
| Potion of Mana | 1 | |
| Potion of Healing | 2 | |
| Scroll of Town Portal | 1 | |
| Potion of Lesser Invulnerability | 5 | |
11 total
GANDHARAX (
orange | 51 APM | 1915 actions | 37:45)
4 Demon Hunter
2 Immolation
2 Evasion
4 Pit Lord
2 Rain of Fire
2 Cleaving Attack
4 Pandaren Brewmaster
1 Drunken Haze
1 Drunken Brawler
2 Breath of Fire
» actions
| Build / train | 114 | |
| ESC pressed | 2 | |
| Enter build submenu | 22 | |
| Enter hero's abilities submenu | 12 | |
| Give item / drop item | 3 | |
| Right click | 835 | |
| Select / deselect | 766 | |
| Use ability | 159 | |
1915 total
» units
| Wisp | 30 | |
| Huntress | 4 | |
| Druid of the Talon | 4 | |
| Faerie Dragon | 1 | |
| Goblin Shredder | 1 | |
| Hippogryph | 5 | |
| Archer | 1 | |
| Chimaera | 15 | |
| Glaive Thrower | 5 | |
66 total
» upgrades
| Druid of the Talon Training | 2 | |
| Mark of the Talon | 1 | |
| Hippogryph Taming | 1 | |
| Corrosive Breath | 1 | |
| Strength of the Wild | 1 | |
6 total
» buildings
| Altar of Elders | 1 | |
| Moon Well | 5 | |
| Ancient of Wonders | 1 | |
| Ancient of War | 1 | |
| Hunter's Hall | 1 | |
| Tree of Ages | 2 | |
| Ancient of Lore | 2 | |
| Ancient of Wind | 2 | |
| Tree of Eternity | 2 | |
| Tree of Life | 4 | |
| Chimaera Roost | 2 | |
23 total
» build order
00:23 Altar of Elders
00:28 Moon Well
01:10 Moon Well
01:26 Ancient of Wonders
01:58 Ancient of War
02:41 Moon Well
02:49 Hunter's Hall
03:22 Tree of Ages
05:58 Ancient of Lore
06:26 Ancient of Lore
07:00 Ancient of Wind
07:01 Ancient of Wind
07:04 Tree of Eternity
07:04 Tree of Eternity
11:37 Moon Well
11:50 Moon Well
12:54 Tree of Life
13:15 Chimaera Roost
13:17 Chimaera Roost
24:14 Tree of Life
24:32 Tree of Life
36:57 Tree of Life
» items
| Staff of Teleportation | 3 | |
| Circlet of Nobility | 1 | |
| Periapt of Vitality | 1 | |
| Boots of Speed | 1 | |
| Moonstone | 1 | |
| Potion of Healing | 7 | |
| Potion of Mana | 3 | |
| Orb of Venom | 4 | |
21 total
NNNn (
pink | 46 APM | 1700 actions | 36:35)
5 Blademaster
3 Wind Walk
2 Critical Strike
» actions
| Basic commands | 131 | |
| Build / train | 88 | |
| Enter build submenu | 20 | |
| Enter hero's abilities submenu | 5 | |
| Give item / drop item | 4 | |
| Remove unit from queue | 1 | |
| Right click | 838 | |
| Select / deselect | 540 | |
| Use ability | 73 | |
1700 total
» units
| Peon | 16 | |
| Grunt | 5 | |
| Troll Headhunter/Berserker | 14 | |
| Shaman | 8 | |
| Demolisher | 16 | |
59 total
» upgrades
| Melee Weapons | 1 | |
| Troll Regeneration | 1 | |
| Ranged Weapons | 3 | |
| Shaman Training | 2 | |
| Berserker Upgrade | 1 | |
| Burning Oil | 1 | |
| Armor | 2 | |
11 total
» buildings
| Altar of Storms | 1 | |
| Orc Burrow | 7 | |
| Barracks | 2 | |
| Voodoo Lounge | 1 | |
| War Mill | 1 | |
| Stronghold | 1 | |
| Spirit Lodge | 1 | |
| Great Hall | 2 | |
| Fortress | 1 | |
| Watch Tower | 1 | |
18 total
» build order
00:06 Altar of Storms
00:08 Orc Burrow
00:40 Barracks
01:36 Voodoo Lounge
02:10 Orc Burrow
02:47 War Mill
04:19 Stronghold
04:44 Orc Burrow
07:00 Spirit Lodge
07:28 Great Hall
07:35 Fortress
08:48 Orc Burrow
09:49 Watch Tower
11:31 Barracks
12:59 Orc Burrow
14:35 Orc Burrow
19:50 Great Hall
20:06 Orc Burrow
» items
| Lesser Clarity Potion | 1 | |
| Healing Salve | 3 | |
| Scroll of Speed | 1 | |
| Scroll of Town Portal | 1 | |
| Orb of Lightning | 2 | |
| Potion of Healing | 1 | |
9 total
Chat log
(00:10 / Allies) fineX: tower base
(00:13 / Allies) fineX: chokes never work on this map
(00:22 / Allies) Sylink: eating through trees does though :)
(00:26 / All) fineX: im going t/c panda
(01:15 / Allies) Sylink: towering chokes takes balls on thi smap
(01:22 / Allies) fineX: only ever against noob does it work
(01:24 / Allies) Blahsmack: easiest choke
(01:24 / Allies) fineX: cuz chokes so wide
(01:27 / Allies) fineX: they can run thru ez
(01:30 / Allies) Sylink: i might get a job next week
(01:37 / Allies) fineX: same
(01:40 / Allies) Sylink: at best buy
(01:40 / Allies) fineX: tim hortons........ yay.........
(01:48 / Allies) Sylink: 1 year after graduating college
(01:51 / Allies) Sylink: fml
(01:54 / Allies) fineX: management?
(01:57 / Allies) Sylink: loss prevetion or some shit
(01:58 / Allies) Sylink: nopeee
(02:06 / Allies) fineX: sux brah
(02:08 / Allies) Sylink: w/e
(02:15 / Allies) Sylink: going to grad school on my own dime in fall
(02:26 / Allies) fineX: cool
(02:30 / Allies) fineX: i have it easy im a minority
(02:34 / Allies) Blahsmack: niggahs trying to stik you for yah papers
(02:42 / Allies) fineX: when i get to uni scholarships abound
(02:43 / Allies) Sylink: ud ugh
(02:50 / Allies) Sylink: fuck that guy
(03:13 / Allies) fineX: ne
(03:15 / Allies) Sylink: dont go to my base ty
(03:22 / Allies) Blahsmack: too close
(03:27 / Allies) Blahsmack: too close carlos
(03:44 / All) GANDHARAX: GANDHARAX is a well non hacker?
(04:01 / Allies) Blahsmack: fuck
(04:04 / Allies) Blahsmack: what do we do now
(04:07 / Allies) Sylink: wait for him to log on
(04:10 / Allies) Sylink: annoy them meanwhile
(04:21 / Allies) Sylink: he comes back we quit
(04:55 / Allies) Sylink: gonna make ridiculous tower amount
(05:35 / Allies) Sylink: scrub always drop first u know
(05:42 / Allies) Sylink: maybe he died
(06:04 / Allies) Sylink: goal now is for game to last as long as possible
(06:06 / Allies) Sylink: asshole mode
(06:46 / Allies) Sylink: rofl
(07:25 / Allies) Blahsmack: ahahaha
(07:36 / Allies) Sylink: dang
(07:42 / Allies) Blahsmack: fuk
(09:07 / Allies) Sylink: laff a minute
(10:04 / Allies) Sylink: serioulsy
(10:06 / Allies) Sylink: lolol
(11:12 / Allies) Sylink: towers
(11:14 / Allies) Blahsmack: fuck
(11:16 / Allies) Sylink: quickly
(11:16 / Allies) Sylink: build
(11:21 / Allies) Sylink: take hi sexo
(13:07 / Allies) Sylink: finex base is honeypot
(14:08 / Allies) Sylink: roflllllll
(14:17 / Allies) Sylink: fucking destroys?!
(14:37 / Allies) Blahsmack: fuk
(15:35 / Allies) Sylink: they are
(15:35 / Allies) Sylink: awful
(15:36 / Allies) Sylink: as
(15:37 / Allies) Sylink: fuck
(16:42 / Allies) Sylink: finally makes siege
(16:44 / Allies) Blahsmack: fuk
(16:57 / Allies) Sylink: get mortars
(17:45 / Allies) Sylink: seriulsy mortars bro
(18:43 / All) GANDHARAX: guys wtf was the purpose of this game?
(20:04 / Allies) Sylink: do you have mortars yet
(20:09 / Allies) Sylink: also green is mh
(20:15 / Allies) Sylink: btw
(24:09 / Allies) Sylink: lmao
(24:10 / Allies) Sylink: they
(24:10 / Allies) Sylink: are
(24:11 / Allies) Sylink: bad
(25:21 / Allies) Sylink: ornage is the worst
(26:16 / Allies) Sylink: mines gonna empty soon
(26:20 / Allies) Sylink: they been in upkeep
(27:19 / Allies) Sylink: come over here
(29:11 / Allies) Sylink: raped
(29:28 / Allies) Sylink: ive managed to keep this tc alive
(29:43 / Allies) Sylink: they are so bad
(30:36 / Allies) Sylink: lolol
(30:50 / Allies) Sylink: target the units if he runs in again
(31:33 / Allies) Sylink: im pretty sure one of them mh cause they like to follow my invisible units around
(32:20 / Allies) Sylink: this bm
(32:21 / Allies) Sylink: full of shit
(34:38 / Allies) Sylink: got their expo
(35:09 / Allies) Sylink: bm is dead
(35:10 / All) Sylink: gg noobs
(35:11 / Allies) Blahsmack: I CAN CONTROL MY UNTS
(35:16 / Allies) Blahsmack: CANT
(35:19 / All) NNNn: noobs?
(35:19 / Allies) Sylink: lol
(35:22 / All) GANDHARAX: rofl
(35:23 / All) NNNn: you made towers....
(35:26 / All) NNNn: lmao
(35:27 / All) Sylink: and gyros
(35:28 / All) Sylink: yet
(35:29 / All) Sylink: you fucking
(35:30 / All) Sylink: suck
(36:29 / All) NNNn: let me get that money
(36:47 / Allies) Blahsmack: ahahhaa
(36:47 / All) Sylink: get out of my game
(36:53 / Allies) Blahsmack: how the fuck did we win
(36:57 / Allies) Sylink: they are bad
(37:02 / Allies) Blahsmack: iam bad
(37:08 / Allies) Blahsmack: as bad as them maybe even worse
(37:20 / All) Sylink: get out
(37:21 / All) Sylink: of my
(37:22 / All) Sylink: game
(37:24 / All) Sylink: noobs
(37:43 / Allies) Sylink: cool beans